 Dungeon Crawl Stone Soup version 0.23-a0-299-g9a66eeb (webtiles) character file.

6444 mopl the Cleaver (level 10, -2/71 HPs)
             Began as a Demonspawn Fighter on Oct 6, 2018.
             Was a Believer of Makhleb.
             Slain by an orc warrior
             ... wielding a +0 trident
              (13 damage)
             ... on level 1 of the Orcish Mines.
             The game lasted 00:18:37 (10080 turns).

mopl the Cleaver (Demonspawn Fighter)              Turns: 10080, Time: 00:18:38

Health: -2/71      AC:  8    Str: 18    XL:     10   Next: 67%
Magic:  17/17      EV: 10    Int: 10    God:    Makhleb [**....]
Gold:   211        SH:  0    Dex: 19    Spells: 9/9 levels left

rFire    . . .     SeeInvis +   a - +0 battleaxe
rCold    + + .     Gourm    .   (shield currently unavailable)
rNeg     . . .     Faith    .   G - +1 ring mail of the Greedy {*Drain rC+ Dex+5 Stlth+}
rPois    +         Spirit   .   (helmet unavailable)
rElec    .         Reflect  .   (no cloak)
rCorr    .         Harm     .   (no gloves)
MR       .....                  (no boots)
Stlth    ++........             (no amulet)
HPRegen  0.21/turn              e - ring of poison resistance
MPRegen  0.15/turn              o - ring of protection from cold

@: no status effects
A: antennae 3, iridescent scales 1, powered by death 1
a: Minor Destruction, Renounce Religion


You were on level 1 of the Orcish Mines.
You worshipped Makhleb.
Makhleb was pleased with you.
You were very hungry.

You visited 3 branches of the dungeon, and saw 12 of its levels.

You collected 607 gold pieces.
You spent 396 gold pieces at shops.

Inventory:

Hand Weapons
 a - a +0 battleaxe (weapon)
 j - a +2 hand axe of flaming
 L - the +8 long sword of Calamity {freeze, Dex+2}
   (You found it on level 10 of the Dungeon)

   It has been specially enchanted to freeze those struck by it, causing extra
   injury to most foes and up to half again as much damage against particularly
   susceptible opponents.
   It can also slow down cold-blooded creatures.
   It affects your dexterity (+2).
 M - a +1 war axe of chopping
Missiles
 g - 3 needles of frenzy
 p - 12 javelins (quivered)
 D - a throwing net
 H - 9 tomahawks
Armour
 c - a +0 shield
 r - a +0 chain mail
 y - the +1 robe of Unreason {*Slow rF+ Regen+ Str+8, unknown}
   (You took it off an orc on level 6 of the Dungeon)

   It affects your strength (+8).
   It protects you from fire.
   It increases your rate of regeneration.
   It may slow you when you take damage.
 G - the +1 ring mail of the Greedy (worn) {*Drain rC+ Dex+5 Stlth+}
   (You found it on level 10 of the Dungeon)

   It affects your dexterity (+5).
   It protects you from cold.
   It causes draining when unequipped.
   It makes you more stealthy.
Jewellery
 e - a ring of poison resistance (left hand)
 o - a ring of protection from cold (right hand)
 E - an uncursed ring of fire
Wands
 t - a wand of flame (48)
 v - a wand of random effects (31)
 A - a wand of acid (3)
 F - a wand of digging (13)
 N - a wand of polymorph (7)
Scrolls
 h - 2 scrolls of teleportation
 n - 4 scrolls of immolation
 q - a scroll of amnesia {unknown}
 s - a scroll of noise
 w - a scroll of remove curse
 x - a scroll of magic mapping {unknown}
 B - a scroll of blinking {unknown}
 K - a scroll of torment {unknown}
Potions
 b - a potion of resistance
 d - 3 potions of might
 i - 6 potions of agility
 k - 3 potions of haste
 l - 4 potions of curing
 m - 2 potions of heal wounds
 u - 3 potions of mutation {!q}
 z - 2 potions of cancellation
 C - a potion of berserk rage {unknown}
 I - a potion of flight {unknown}
 J - a potion of lignification {unknown}
Comestibles
 f - 14 rations


   Skills:
 + Level 4.0 Fighting
 * Level 12.6 Axes
 + Level 3.7 Armour
 - Level 2.6 Shields
 + Level 9.4 Invocations


You had 9 spell levels left.
You didn't know any spells.
Your spell library contained the following spells:

 Spells                   Type           Power        Failure   Level  Hunger
 Animate Skeleton         Necr           N/A          54%         1    ##.....
 Magic Dart               Conj           #...         54%         1    ##.....
 Pain                     Necr           #...         54%         1    ##.....
 Sandblast                Erth           #.....       54%         1    ##.....
 Blink                    Tloc           N/A          69%         2    ###....
 Call Imp                 Summ           #.......     69%         2    ###....
 Passwall                 Tmut/Erth      #.......     69%         2    ###....
 Searing Ray              Conj           #.....       69%         2    ###....
 Slow                     Hex            #.......     69%         2    ###....
 Conjure Flame            Conj/Fire      #.......     89%         3    ####...
 Dazzling Spray           Conj/Hex       #.....       89%         3    ####...
 Mephitic Cloud           Conj/Pois/Air  #.......     89%         3    ####...
 Regeneration             Chrm/Necr      #.........   89%         3    ####...
 Stone Arrow              Conj/Erth      #.....       89%         3    ####...
 Vampiric Draining        Necr           #.........   89%         3    ####...
 Animate Dead             Necr           N/A          100%        4    #####..
 Force Lance              Conj/Tloc      #.......     100%        4    #####..
 Fulminant Prism          Conj/Hex       #.........   100%        4    #####..
 Iskenderun's Mystic Bla  Conj           #.......     100%        4    #####..
 Petrify                  Tmut/Erth      #.......     100%        4    #####..
 Lee's Rapid Deconstruct  Erth           #.........   100%        5    ######.


Dungeon Overview and Level Annotations

Branches:
Dungeon (10/15)            Temple (1/1) D:6            Lair (0/6) D:9
    Orc (1/2) D:10

Altars:
Ashenzari
Dithmenos
Elyvilon
Gozag
Hepliaklqana
Kikubaaqudgha
Makhleb
Nemelex Xobeh
Qazlal
Sif Muna
Uskayaw
Vehumet
Wu Jian
Xom
Yredelemnul
Zin
The Shining One
Lugonu

Shops:
D:5 %%}[   D:8 [%}

Annotations:
D:5 2 runed doors, coffeespoons's ghost, novice GrFi


Innate Abilities, Weirdness & Mutations

You have a pair of large antennae on your head. (SInv)
You are partially covered in iridescent scales. (AC +2)
You regenerate a little health from kills.


Message History

You are too injured to fight recklessly!
You are too injured to fight recklessly!
You are too injured to fight recklessly!
You closely miss the orc warrior.
The orc warrior is lightly wounded.
The orc warrior hits you with a trident.
You slash the orc warrior!
The orc warrior is heavily wounded.
The orc warrior closely misses you.
You hit the orc warrior.
The orc warrior is heavily wounded.
The orc warrior hits you with a trident.
You slash the orc warrior!
The orc warrior is severely wounded.
The orc warrior hits you with a trident!
* * * LOW HITPOINT WARNING * * *
You closely miss the orc warrior.
The orc warrior is severely wounded.
The orc warrior hits you with a trident!
You die...

#
#.............(.........
##................#..$...
#................#......
##.#............#.......
##.#....#...............
#.......)..........#....
##.#....[[[...#.........
####....<).o.........#.
##.....@...#.##...
##..##....#####..
#...#.......##
##...#.......#
##.##.......#
#........#...#
##.##....##.## #####..##
## ###


You could see an orc warrior.

Vanquished Creatures
  A tengu conjurer (D:10)
  4 hippogriffs
  2 wraiths (D:7)
  A spriggan (D:9)
  4 yaks
  A hungry ghost (D:10)
  Grum (D:9)
  Menkaure (D:7)
  A warg (D:10)
  An orc warrior (Orc:1)
  An ice beast (D:7)
  2 necrophages (D:7)
  5 ogres
  4 wolves (D:9)
  3 centaurs
  2 crocodiles (D:9)
  An elf zombie (D:7)
  5 bullfrogs
  A wight (D:7)
  3 killer bees (D:8)
  7 scorpions
  2 vampire bats (D:6)
  A howler monkey (D:8)
  4 crimson imps
  3 bullfrog zombies
  A human zombie (D:7)
  A quasit (D:9)
  A bullfrog skeleton (D:7)
  A jelly (D:7)
  5 orc priests
  A hound (D:10)
  9 orc wizards
  2 human skeletons (D:7)
  Ijyb (D:4)
  3 iguanas
  6 worker ants
  An ogre zombie (D:7)
  An ogre skeleton (D:7)
  A hound skeleton (D:4)
  A mummy (D:7)
  Robin (D:2)
  3 gnolls (D:3)
  11 adders
  A shadow imp (D:8)
  2 oozes
  An adder zombie (D:8)
  An adder skeleton (D:4)
  5 worms
  2 dart slugs (D:1)
  7 leopard geckos
  45 orcs
  A bat skeleton (D:6)
  3 bat zombies (D:6)
  5 giant cockroaches
  13 goblins
  5 hobgoblins (D:2)
  9 jackals
  8 quokkas
  4 ball pythons
  7 bats
  4 frilled lizards
  A jackal skeleton (D:4)
  6 kobolds
  11 rats
252 creatures vanquished.

Notes
Turn   | Place    | Note
-------+----------+-------------------------------------------
     0 | D:1      | mopl the Demonspawn Fighter began the quest for the Orb.
     0 | D:1      | Reached XP level 1. HP: 18/18 MP: 1/1
    45 | D:1      | Reached skill level 2 in Axes
   165 | D:1      | Gained mutation: You regenerate a little health from kills.
                  | [demonic ancestry]
   165 | D:1      | Reached XP level 2. HP: 21/24 MP: 2/2
   346 | D:1      | Reached skill level 3 in Axes
   442 | D:1      | Reached XP level 3. HP: 27/29 MP: 3/3
   848 | D:2      | Found a shimmering altar of Xom.
   875 | D:2      | Reached XP level 4. HP: 35/35 MP: 4/4
   884 | D:2      | Reached skill level 4 in Axes
  1216 | D:2      | Found a faded altar of an unknown god.
  1252 | D:2      | Noticed Robin
  1291 | D:2      | Killed Robin
  2044 | D:3      | Gained mutation: You have a pair of small antennae on your
                  | head. [demonic ancestry]
  2044 | D:3      | Reached XP level 5. HP: 28/41 MP: 5/5
  2055 | D:3      | Found a stormy altar of Qazlal.
  2055 | D:3      | Found a radiant altar of Vehumet.
  2112 | D:3      | Reached skill level 5 in Axes
  2487 | D:4      | Gained mutation: You have a pair of antennae on your head.
                  | [demonic ancestry]
  2487 | D:4      | Reached XP level 6. HP: 44/47 MP: 6/6
  2493 | D:4      | Noticed Ijyb
  2818 | D:4      | Reached skill level 6 in Axes
  3375 | D:4      | Killed Ijyb
  3399 | D:5      | Entered Level 5 of the Dungeon
  3401 | D:5      | Found Opiq's Food Shoppe.
  3445 | D:5      | Reached skill level 7 in Axes
  3453 | D:5      | Reached XP level 7. HP: 41/52 MP: 7/7
  3518 | D:5      | Found Ynamir's Gadget Shoppe.
  3526 | D:5      | Found a runed door.
  3544 | D:5      | Noticed coffeespoons's ghost (novice GrFi)
  3754 | D:5      | Found a runed door.
  3771 | D:5      | Found Biaqurgh's Armour Boutique.
  3773 | D:5      | Found Pypahepe's Food Shop.
  3880 | D:6      | Reached skill level 8 in Axes
  3887 | D:6      | Found a shattered altar of Ashenzari.
  4115 | D:6      | Reached XP level 8. HP: 50/58 MP: 8/8
  4222 | D:6      | Got a thick robe
  4261 | D:6      | Found a staircase to the Ecumenical Temple.
  4270 | Temple   | Entered the Ecumenical Temple
  4386 | Temple   | Became a worshipper of Makhleb the Destroyer
  4431 | D:6      | Reached skill level 9 in Axes
  4438 | D:6      | Reached skill level 1 in Invocations
  4482 | D:6      | Found an ancient bone altar of Kikubaaqudgha.
  4657 | D:6      | Reached skill level 2 in Invocations
  5014 | D:6      | Found a glowing golden altar of the Shining One.
  5015 | D:6      | Found a glowing silver altar of Zin.
  5016 | D:6      | Found a white marble altar of Elyvilon.
  5155 | D:7      | Found an ornate altar of the Wu Jian Council.
  5160 | D:7      | Reached skill level 3 in Invocations
  5161 | D:7      | Found a hide-covered altar of Uskayaw.
  5395 | D:7      | Noticed Menkaure
  5407 | D:7      | Killed Menkaure
  5407 | D:7      | Reached skill level 10 in Axes
  5407 | D:7      | Reached skill level 4 in Invocations
  5882 | D:7      | Found a sparkling altar of Nemelex Xobeh.
  5888 | D:7      | Reached * piety under Makhleb
  5926 | D:7      | Reached skill level 5 in Invocations
  5926 | D:7      | Gained mutation: You are partially covered in iridescent
                  | scales. (AC +2) [demonic ancestry]
  5926 | D:7      | Reached XP level 9. HP: 46/63 MP: 12/12
  6371 | D:7      | Found a basalt altar of Yredelemnul.
  6377 | D:7      | Reached skill level 6 in Invocations
  6606 | D:8      | Reached skill level 11 in Axes
  6636 | D:8      | Found Yrphaiqo's Antique Weapon Boutique.
  6819 | D:8      | Found a deep blue altar of Sif Muna.
  6859 | D:8      | Found Umiwizen's Gadget Shop.
  6929 | D:8      | Found Pesche Siemm's Armour Emporium.
  7016 | D:8      | Bought a wand of digging (14) for 396 gold pieces
  7173 | D:8      | Reached skill level 7 in Invocations
  7210 | D:8      | Found Vuit's Food Emporium.
  7285 | D:8      | Reached ** piety under Makhleb
  7487 | D:9      | Found a staircase to the Lair.
  7497 | D:9      | Reached skill level 8 in Invocations
  7497 | D:9      | Gained mutation: You have a pair of large antennae on your
                  | head. (SInv) [demonic ancestry]
  7497 | D:9      | Reached XP level 10. HP: 55/70 MP: 14/16
  7528 | D:9      | Reached skill level 12 in Axes
  7801 | D:9      | Noticed Grum
  7812 | D:9      | Killed Grum
  8520 | D:10     | Entered Level 10 of the Dungeon
  8528 | D:10     | Got a crude ring mail
  8559 | D:10     | Reached skill level 3 in Armour
  8570 | D:10     | Reached skill level 9 in Invocations
  8652 | D:10     | Got a translucent long sword
  8654 | D:10     | Found a white marble altar of Elyvilon.
  9199 | D:10     | Found a staircase to the Orcish Mines.
  9420 | D:10     | Identified the cursed +1 ring mail of the Greedy {*Drain
                  | rC+ Dex+5 Stlth+} (You found it on level 10 of the Dungeon)
  9420 | D:10     | Identified the +8 long sword of Calamity {freeze, Dex+2}
                  | (You found it on level 10 of the Dungeon)
  9485 | Orc:1    | Entered Level 1 of the Orcish Mines
  9496 | Orc:1    | Reached skill level 4 in Fighting
  9514 | Orc:1    | Noticed an orc knight
 10080 | Orc:1    | Slain by an orc warrior

Vault maps used:
D:1:      matt_arrival_refuge
D:2:      overflow_temple_1_default, chequers_ecumenical_altar_simple,
          serial_park_tiny_2, uniq_robin
D:3:      gammafunk_temple_overflow_elements
D:4:      uniq_ijyb
D:5:      serial_shops, nicolae_shop_statue_plus, shop, shop_fountains,
          nicolae_shop_temple_entry_statues_fountains, ebering_ghost_sewer_f,
          first_ration
D:6:      good_gods_mini_temple, nicolae_ashenzari_panopticon,
          kennysheep_vampire_church, minmay_temple_entry_junction_2,
          patterned_corridor
D:7:      lemuel_mausoleum_altar_yredelemnul, grunt_temple_overflow_open,
          nicolae_overflow_crystal_walls, uniq_menkaure
D:8:      lemuel_crystal_altar, serial_shops, shop_fountains, shop_statue, shop,
          shop
D:9:      david_lair_generic, the_bakery, uniq_grum
D:10:     orc_0_dummy, basic_altar
Temple:   kb_corrupted_temple
Orc:1:    special_room, basic_altar, minmay_orc_temple_a

Skill      XL: |  1  2  3  4  5  6  7  8  9 10 |
---------------+-------------------------------+-----
Axes           | 2 3 4 5 7 8 10 11 12 | 12.6
Invocations    | 5 8 9 |  9.4
Armour         | 3 |  3.7
Fighting       | 4 |  4.0
Shields        | |  2.6

Action                   |  1- 3 |  4- 6 |  7- 9 | 10-12 || total
-------------------------+-------+-------+-------+-------++-------
Melee: War axe           |   106 |   251 |   464 |   182 ||  1003
       Battleaxe         |       |       |       |    32 ||    32
Throw: Javelin           |       |       |     3 |       ||     3
Invok: Minor Destruction |       |       |       |     1 ||     1
Evoke: Wand              |       |       |    10 |     2 ||    12
  Use: Scroll            |       |       |     9 |     4 ||    13
       Potion            |       |       |     1 |     3 ||     4
 Stab: Distracted        |       |       |       |     1 ||     1
  Eat: Chunk             |       |     9 |    10 |    10 ||    29
       Ration            |       |       |     1 |       ||     1
Armor: Scale mail        |    51 |    44 |       |       ||    95
       Chain mail        |       |    81 |   203 |   108 ||   392
       Ring mail         |       |       |       |     9 ||     9
Dodge: Dodged            |    31 |    46 |    59 |    60 ||   196
Block: Shield            |    48 |   123 |   211 |    94 ||   476

Table legend:
 A = Non-vault XP
 B = Vault XP
 C = Vault XP percentage of total XP
 D = Non-vault monster count
 E = Vault monster count
 F = Vault count percentage of total count
                 A         B        C        D         E       F
            +---------+---------+-------+---------+---------+-------
      Total |    6296 |    2910 |  31.6 |     212 |      40 |  15.9
            +---------+---------+-------+---------+---------+-------
        D:1 |      48 |       0 |   0.0 |      27 |       0 |   0.0
        D:2 |      78 |      29 |  27.1 |      23 |       9 |  28.1
        D:3 |      95 |       0 |   0.0 |      20 |       0 |   0.0
        D:4 |     348 |      36 |   9.4 |      15 |       1 |   6.2
        D:5 |     448 |       0 |   0.0 |      22 |       0 |   0.0
        D:6 |     775 |     120 |  13.4 |      28 |       6 |  17.6
        D:7 |     692 |    1197 |  63.4 |      11 |      13 |  54.2
        D:8 |    1323 |       0 |   0.0 |      30 |       0 |   0.0
        D:9 |     441 |    1525 |  77.6 |      13 |      10 |  43.5
       D:10 |    1864 |       0 |   0.0 |      15 |       0 |   0.0
      Orc:1 |     184 |       3 |   1.6 |       8 |       1 |  11.1
            +---------+---------+-------+---------+---------+-------
